 Dungeon Crawl Stone Soup version 0.25.1-2-g60ff931df9 (webtiles) character file.

Game seed: 10622787742968545043

26177 hawla the Carver (level 12, -5/165 HPs)
             Began as a Minotaur Gladiator on Nov 5, 2020.
             Was an Initiate of Gozag.
             Killed from afar by a frost giant (16 damage)
             ... with a bolt of cold
             ... on level 15 of the Dungeon.
             The game lasted 00:51:46 (17695 turns).

hawla the Carver (Minotaur Gladiator)              Turns: 17695, Time: 00:51:47

Health: -5/165     AC: 26    Str: 23    XL:     12   Next: 96%
Magic:  12/12      EV:  2    Int:  9    God:    Gozag
Gold:   3100       SH:  0    Dex: 17    Spells: 11/11 levels left

rFire    . . .     SeeInvis +   H - +12 long sword of Toemur {pain, Int+4 Dex+4}
rCold    + . .     Gourm    .   (no shield)
rNeg     + + +     Faith    .   (armour currently unavailable)
rPois    +         Spirit   .   (helmet currently unavailable)
rElec    .         Reflect  .   (cloak currently unavailable)
rCorr    .         Harm     .   (gloves currently unavailable)
MR       .....     NoTele   +   (boots currently unavailable)
Stlth    ++........             S - amulet of regeneration
HPRegen  0.77/turn              a - ring of protection from cold
MPRegen  0.13/turn              r - ring of see invisible

@: mighty, tree-form (expiring)
A: (retaliatory headbutt)
a: Potion Petition, Call Merchant, Bribe Branch, Renounce Religion


You were on level 15 of the Dungeon.
You worshipped Gozag.
Gozag was most pleased with you.
You were very hungry.
You were a tree.
You visited 2 branches of the dungeon, and saw 16 of its levels.

You collected 3349 gold pieces.
You spent 164 gold pieces at shops.
You paid 85 gold pieces to Gozag.

Inventory:

Hand Weapons
 e - a +2 scimitar of flaming
 k - a +0 antimagic long sword
 H - the +12 long sword of Toemur (weapon) {pain, Int+4 Dex+4}
   (You took it off a crimson imp on level 11 of the Dungeon)

   In the hands of one skilled in necromantic magic, it inflicts extra damage on
   living creatures.
   It affects your intelligence (+4).
   It affects your dexterity (+4).
 L - a +1 dagger of draining
Missiles
 d - 3 throwing nets
 h - 8 javelins
 p - 74 poisoned darts (quivered)
 s - 4 boomerangs
 G - 6 atropa-tipped darts
Armour
 c - a +0 hat (melded)
 g - a +0 pair of gloves (melded)
 E - a +0 ring mail of poison resistance (melded)
 J - the +5 plate armour "Ifolapig" {rN+}
   (You found it on level 9 of the Dungeon)

   It protects you from negative energy.
 K - a +0 pair of boots (melded)
 N - a scarf of repulsion (melded)
 P - a +1 robe of cold resistance
Jewellery
 a - a ring of protection from cold (left branch)
 r - a ring of see invisible (right branch)
 v - an uncursed ring of protection from fire
 M - an uncursed ring of positive energy
 Q - an uncursed ring of protection from fire
 S - an amulet of regeneration (around neck)
 T - an uncursed ring of flight
Wands
 n - a wand of random effects (26)
 x - a wand of flame (57)
 B - a wand of polymorph (10)
 I - a wand of digging (5)
Scrolls
 m - 3 scrolls of blinking
 u - 2 scrolls of enchant weapon
 y - 2 scrolls of remove curse
 A - a scroll of silence
 C - 3 scrolls of magic mapping
 D - a scroll of noise
 F - 2 scrolls of fear
 O - 9 scrolls of identify
 U - a scroll of enchant armour {unknown}
 W - a scroll of fog
Potions
 b - a potion of stabbing
 l - a potion of haste
 o - 3 potions of might
 q - a potion of brilliance
 t - a potion of magic
 w - 2 potions of flight
 z - a potion of lignification
 R - 2 potions of cancellation
Miscellaneous
 V - a tin of tremorstones (3/3)
Comestibles
 f - 20 rations


   Skills:
 + Level 11.2 Fighting
 + Level 3.4(9.5) Short Blades
 + Level 14.4(14.5) Long Blades
 + Level 5.0 Throwing
 + Level 10.5 Armour
 * Level 12.6 Dodging
 - Level 2.7 Stealth
 + Level 1.6 Evocations


You had 11 spell levels left.
You didn't know any spells.
Your spell library was empty.

Dungeon Overview and Level Annotations

Branches:
Dungeon (14/15)            Temple (1/1) D:4            Lair (0/6) D:9
    Orc (0/2) D:12         Depths (0/5) D:15
 Vaults: D:13-14

Altars:
Ashenzari
Cheibriados
Dithmenos
Elyvilon
Fedhas
Gozag
Kikubaaqudgha
Makhleb
Okawaru
Ru
Sif Muna
Trog
Vehumet
Xom
Yredelemnul
Zin

Shops:
D:4 (   D:8 ?

Annotations:
D:7 spiders and merfolk


Innate Abilities, Weirdness & Mutations

((You reflexively headbutt those who attack you in melee.))
((You have a pair of horns on your head.))


Message History

The puff of flame hits the frost giant.
The frost giant is moderately wounded.
Evoke which item? (* to show all) (? for menu, Esc to quit)
Aiming: Throw Flame
Press: ? - help, Shift-Dir - straight line, f/p - frost giant
Aim: a frost giant, wielding a +0 battleaxe of freezing (moderately wounded)
The puff of flame hits the frost giant.
The frost giant is moderately wounded.
The frost giant hits you but does no damage.
You feel better.
Your transformation is almost over.
The frost giant hits you with a +0 battleaxe of freezing!
* * * LOW HITPOINT WARNING * * *
The frost giant freezes you.
* * * LOW HITPOINT WARNING * * *
You feel better.
The frost giant points at you and mumbles some strange words.
The bolt of cold hits you! You resist.
You die...
Your body crumbles into a pile of gold.

##########
#≈≈......
#≈.#≈≈≈###+#
#......#%..#
+.##≈..#.>.#
#......#..C#
#≈(#≈≈≈###♣#
#≈≈..(..)..#
############


You could see a frost giant.

Vanquished Creatures
  Agnes (D:14)
  Azrael (D:12)
  Fannar (D:11)
  A centaur warrior (D:14)
  3 two-headed ogres
  An unseen horror (D:13)
  2 deep elf magi
  An ugly thing (D:13)
  A manticore (D:14)
  2 cyclopes
  An ice statue (D:12)
  A yaktaur (D:15)
  4 guardian mummies (D:13)
  3 trolls
  8 slime creatures
  6 hippogriffs
  5 flying skulls (D:14)
  3 wyverns
  18 yaks
  2 wraiths
  3 fire elementals
  A basilisk (D:9)
  3 hungry ghosts
  2 water moccasins
  A hell hound (D:13)
  4 porcupines (D:9)
  6 orc warriors
  An ice beast (D:10)
  2 sky beasts
  A phantom (D:11)
  A hornet zombie (D:12)
  A black bear (D:14)
  A necrophage (D:10)
  10 ogres
  4 centaurs
  2 crocodiles (D:9)
  4 big kobolds
  A wyvern zombie (D:13)
  A gnoll sergeant (D:8)
  15 bullfrogs
  6 scorpions
  A wyvern skeleton (D:12)
  18 killer bees
  5 wights (D:10)
  2 howler monkeys
  8 crimson imps
  A quasit (D:11)
  5 hounds
  A jelly (D:10)
  3 orc priests
  13 orc wizards
  A bullfrog zombie (D:6)
  3 bullfrog skeletons
  3 centaur skeletons
  5 iguanas
  11 worker ants
  A hound skeleton (D:3)
  4 mummies (D:13)
  8 gnolls
  20 adders
  3 oozes
  3 adder zombies
  3 worms
  2 dart slugs (D:1)
  2 leopard geckos
  42 orcs
  4 ball pythons
  A giant cockroach (D:1)
  4 hobgoblins
  21 jackals
  7 quokkas
  11 bats
  3 frilled lizards
  9 goblins
  28 kobolds
  2 leopard gecko zombies
  7 rats
400 creatures vanquished.

Notes
Turn   | Place    | Note
-------+----------+-------------------------------------------
     0 | D:1      | hawla the Minotaur Gladiator began the quest for the Orb.
     0 | D:1      | Reached XP level 1. HP: 18/18 MP: 0/0
   324 | D:1      | Reached XP level 2. HP: 25/25 MP: 1/1
   390 | D:1      | Reached skill level 4 in Long Blades
   566 | D:1      | Reached XP level 3. HP: 29/30 MP: 2/2
  1206 | D:2      | Reached skill level 1 in Armour
  1211 | D:2      | Reached XP level 4. HP: 37/37 MP: 3/3
  1562 | D:2      | Reached skill level 5 in Long Blades
  1571 | D:2      | Reached XP level 5. HP: 21/44 MP: 4/4
  2780 | D:2      | Found an iron altar of Okawaru.
  2780 | D:2      | Found a sacrificial altar of Ru.
  2858 | D:4      | Found Xuloen's Weapon Shop.
  2872 | D:4      | HP: 2/45 [iguana (13)]
  2877 | D:3      | Reached skill level 5 in Dodging
  2877 | D:3      | Reached XP level 6. HP: 50/51 MP: 5/5
  2883 | D:4      | You fall into a shaft and drop 2 floors!
  2897 | D:6      | Reached skill level 6 in Long Blades
  2927 | D:5      | Entered Level 5 of the Dungeon
  3088 | D:4      | Reached skill level 1 in Stealth
  3145 | D:4      | Bought 5 boomerangs for 27 gold pieces
  3166 | D:4      | Reached XP level 7. HP: 52/58 MP: 6/6
  3279 | D:4      | Found a staircase to the Ecumenical Temple.
  3286 | Temple   | Entered the Ecumenical Temple
  3293 | Temple   | Became a worshipper of Gozag Ym Sagoz the Greedy
  3311 | D:4      | Found a white marble altar of Elyvilon.
  3316 | D:4      | Found a snail-covered altar of Cheibriados.
  3325 | D:4      | Found a shattered altar of Ashenzari.
  3523 | D:4      | Reached skill level 7 in Long Blades
  3657 | D:4      | Got a twitching copper amulet
  3777 | D:4      | Identified the amulet of Liosh {Inacc MP+9 Str+4} (You
                  | found it on level 4 of the Dungeon)
  3993 | D:4      | Bought a +0 antimagic long sword for 137 gold pieces
  4066 | D:5      | Reached skill level 1 in Short Blades
  4184 | D:5      | Got a smoking lead ring
  4186 | D:5      | Identified the ring "Afuakose" {Wiz Int+3} (You found it on
                  | level 5 of the Dungeon)
  4291 | D:5      | Reached XP level 8. HP: 52/67 MP: 2/7
  4989 | D:6      | Reached skill level 8 in Long Blades
  5714 | D:7      | Reached skill level 5 in Fighting
  6146 | D:7      | Noticed a hippogriff
  6152 | D:7      | Reached skill level 9 in Long Blades
  6164 | D:7      | Killed a hippogriff
  6164 | D:7      | Reached XP level 9. HP: 43/74 MP: 2/8
  6303 | D:7      | Found a shattered altar of Ashenzari.
  6315 | D:7      | Found a shimmering altar of Xom.
  6317 | D:7      | Found a shimmering altar of Xom.
  6317 | D:7      | Found a shimmering altar of Xom.
  6319 | D:7      | Found a shimmering altar of Xom.
  6322 | D:7      | Found a shimmering altar of Xom.
  6322 | D:7      | Found a shimmering altar of Xom.
  6813 | D:7      | Found a shimmering altar of Xom.
  6866 | D:7      | Found a shattered altar of Ashenzari.
  6870 | D:7      | Saw a vision of the Shoals and the Spider Nest.
  6870 | D:7      | Noticed a merfolk
  6870 | D:7      | Noticed a merfolk
  6870 | D:7      | Noticed a wolf spider
  6870 | D:7      | Noticed a merfolk
  6870 | D:7      | Noticed a wolf spider
  6870 | D:7      | Noticed a merfolk
  6870 | D:7      | Noticed a wolf spider
  6870 | D:7      | Noticed a merfolk
  6870 | D:7      | Noticed a wolf spider
  6871 | D:7      | Noticed a sea snake
  6873 | D:7      | Noticed a sea snake
  7269 | D:8      | Reached skill level 5 in Armour
  7836 | D:8      | Reached skill level 10 in Long Blades
  7969 | D:8      | Found Ydoutatz's Magic Scroll Shoppe.
  8341 | D:9      | Noticed a troll
  8352 | D:9      | Killed a troll
  8352 | D:9      | Reached XP level 10. HP: 47/84 MP: 3/9
  8946 | D:9      | Found a staircase to the Lair.
  9033 | D:9      | Reached skill level 10 in Dodging
  9192 | D:9      | Found a radiant altar of Vehumet.
  9197 | D:9      | Found an ancient bone altar of Kikubaaqudgha.
  9201 | D:9      | Found a shimmering blue altar of Sif Muna.
  9414 | D:9      | Reached skill level 11 in Long Blades
 10131 | D:9      | Got an ichor-stained plate armour
 10142 | D:9      | Identified the +5 plate armour "Ifolapig" {rN+} (You found
                  | it on level 9 of the Dungeon)
 10387 | D:10     | Entered Level 10 of the Dungeon
 10745 | D:10     | Reached XP level 11. HP: 54/94 MP: 3/10
 11212 | D:10     | Noticed a two-headed ogre
 11230 | D:10     | Killed a two-headed ogre
 11230 | D:10     | Reached skill level 12 in Long Blades
 12517 | D:11     | Noticed Fannar
 12541 | D:11     | Killed Fannar
 12946 | D:11     | Identified the +12 long sword of Toemur {pain, Int+4 Dex+4}
 13158 | D:11     | Noticed a two-headed ogre
 13173 | D:11     | Killed a two-headed ogre
 13857 | D:11     | Reached skill level 1 in Evocations
 14541 | D:12     | Reached skill level 13 in Long Blades
 14994 | D:12     | Found a staircase to the Orcish Mines.
 14994 | D:12     | Noticed a deep elf mage
 15004 | D:12     | Killed a deep elf mage
 15371 | D:12     | Reached XP level 12. HP: 52/106 MP: 4/12
 15969 | D:13     | Identified a scroll of acquirement
 15970 | D:13     | Acquired 6 rations
 15976 | D:13     | Noticed Azrael
 16066 | D:12     | Killed Azrael
 16066 | D:12     | Reached skill level 10 in Fighting
 16293 | D:13     | Noticed a reaper
 16293 | D:13     | Noticed a reaper
 16293 | D:13     | Noticed a reaper
 16293 | D:13     | Noticed a reaper
 16294 | D:13     | Noticed a reaper
 16796 | D:14     | Noticed Agnes
 16808 | D:14     | Killed Agnes
 16808 | D:14     | Reached skill level 10 in Armour
 16948 | D:14     | Noticed a centaur warrior
 16958 | D:14     | Killed a centaur warrior
 16958 | D:14     | Reached skill level 14 in Long Blades
 16986 | D:14     | Noticed a two-headed ogre
 17006 | D:14     | Killed a two-headed ogre
 17248 | D:13     | Reached skill level 5 in Throwing
 17629 | D:13     | You fall into a shaft and drop 2 floors!
 17629 | D:15     | Entered Level 15 of the Dungeon
 17675 | D:15     | Found a staircase to the Depths.
 17675 | D:15     | Noticed a frost giant
 17687 | D:15     | HP: 5/165 [frost giant/+0 battleaxe of freezing (11)]
 17694 | D:15     | HP: 7/165 [frost giant/+0 battleaxe of freezing (14)]
 17695 | D:15     | Killed from afar by a frost giant

Illustrated notes

Levels and vault maps discovered:
D:1:      mushboom_english_gardens, layout_loops_ring
D:2:      layout_rooms, nicolae_overflow_hidden_temple, corexii_shack
D:3:      minmay_recursive_quarters, layout_basic, serial_undead,
          serial_undead_d, serial_undead_e, serial_undead_c, serial_undead_a,
          serial_undead_c
D:4:      layout_rooms, minitemple, minmay_temple_entry_butterflies,
          serial_shops, shop, roderic_lattice_a
D:5:      layout_rooms, first_ration
D:6:      layout_loops_ring
D:7:      layout_basic, nicolae_xom_altar_mimics, basic_altar, grunt_ogre_cave,
          chequers_serial_rivers_small_b, grunt_ashenzari_visionary
          [grunt_ashenzari_visionary_shoals, grunt_ashenzari_visionary_spider]
D:8:      layout_cave_pools, minmay_shop_grid_forest
D:9:      layout_long_grid, grunt_temple_overflow_magic_moments,
          minmay_lair_entry_grove
D:10:     layout_irregular_city, kennysheep_cross_bottleneck
D:11:     layout_stronghold, hangedman_decor_clover_reticule, uniq_fannar
D:12:     layout_loops_ring, orc_david_3, minivault_10, minivault_16
D:13:     layout_irregular_city, minmay_guarded_unrand_curses, uniq_azrael
D:14:     layout_small_grid, ximxim_vaults_locker_room, serial_glass,
          glass_columns_a, glass_columns_a, minmay_guarded_unrand_skullcrusher,
          uniq_agnes
D:15:     grunt_enter_depths_snipers, layout_irregular_city,
          grunt_decor_one_mirror
Temple:   cyrus_circular_temple

Skill      XL: |  1  2  3  4  5  6  7  8  9 10 11 12 |
---------------+-------------------------------------+-----
Long Blades    | 4 5 6 7 9 10 11 13 14 | 14.4
Dodging        | 4 5 6 7 9 10 11 12 | 12.6
Armour         | 1 2 3 4 6 7 9 10 | 10.5
Fighting       | 3 4 5 6 8 9 11 | 11.2
Stealth        | 1 2 |  2.7
Short Blades   | 1 2 3 |  3.4
Throwing       | 3 4 5 |  5.0
Evocations     | 1 |  1.6

Action                   |  1- 3 |  4- 6 |  7- 9 | 10-12 || total
-------------------------+-------+-------+-------+-------++-------
Melee: Long sword        |    63 |   142 |   227 |   729 ||  1161
       Headbutt          |    10 |    21 |    76 |   240 ||   347
       Dagger            |       |       |    65 |    53 ||   118
       Scimitar          |       |       |       |    30 ||    30
Throw: Boomerang         |       |     4 |    17 |    41 ||    62
       Throwing net      |       |     1 |       |       ||     1
       Javelin           |       |       |       |     3 ||     3
       Dart              |       |       |       |    11 ||    11
Evoke: Wand              |       |       |       |    17 ||    17
       Phantom mirror    |       |       |       |     1 ||     1
  Use: Scroll            |     7 |     4 |    11 |     6 ||    28
       Potion            |       |     4 |     2 |    15 ||    21
 Stab: Sleeping          |     1 |     1 |     1 |     3 ||     6
       Distracted        |       |       |     2 |     1 ||     3
  Eat: Chunk             |       |     7 |     1 |       ||     8
       Ration            |       |       |     8 |     8 ||    16
Armor: Leather armour    |    21 |    36 |    29 |       ||    86
       Ring mail         |       |       |    39 |    45 ||    84
       Plate armour      |       |       |       |   291 ||   291
       Skin              |       |       |       |    16 ||    16
       Robe              |       |       |       |    16 ||    16
Dodge: Dodged            |    40 |   108 |   279 |   528 ||   955
       Repelled          |       |       |       |    10 ||    10
       Rpst.: Long sword |    11 |    23 |    50 |   116 ||   200
       Scimitar          |       |       |       |     6 ||     6
